 Dungeon Crawl Stone Soup version 0.21-a0-584-g185da8e (webtiles) character file.

11 rabbitfr the Conjurer (level 2, 16/16 HPs)
             Began as a Gargoyle Conjurer on Dec 20, 2017.
             Quit the game on level 1 of the Dungeon.
             The game lasted 00:02:35 (714 turns).

rabbitfr the Conjurer (Gargoyle Conjurer)            Turns: 714, Time: 00:02:36

Health: 16/16      AC:  4    Str: 11    XL:     2   Next: 25%
Magic:  5/5        EV: 12    Int: 15    God:
Gold:   0          SH:  0    Dex: 10    Spells: 4/5 levels left

rFire    . . .     SeeInvis .   f - +0 club
rCold    . . .     Gourm    .   (no shield)
rNeg     + . .     Faith    .   a - +0 robe
rPois    ∞         Spirit   .   (no helmet)
rElec    +         Reflect  .   (no cloak)
rCorr    .         Harm     .   (no gloves)
MR       .....                  (no boots)
Stlth    ++........             (no amulet)
HPRegen  0.05/turn              (no ring)
MPRegen  0.09/turn              (no ring)

@: no status effects
A: negative energy resistance 1, electricity resistance, unbreathing,
petrification resistance, rot immunity, AC +2
a: no special abilities


You were on level 1 of the Dungeon.
You were not hungry.

You visited 1 branch of the dungeon, and saw 1 of its levels.

Inventory:

Hand Weapons
 f - a +0 club (weapon)
Missiles
 d - a throwing net (quivered)
Armour
 a - a +0 robe (worn)
Scrolls
 g - a scroll of immolation {unknown}
Potions
 e - a potion of heal wounds {unknown}
Books
 b - a book of Conjurations

   Spells                             Type                      Level
   a - Magic Dart                     Conjuration                  1
   b - Searing Ray                    Conjuration                  2
   c - Dazzling Spray                 Conjuration/Hexes            3
   d - Fulminant Prism                Conjuration/Hexes            4
   e - Force Lance                    Conjuration/Translocation    4
   f - Iskenderun's Mystic Blast      Conjuration                  4
Comestibles
 c - a ration


   Skills:
 + Level 1.6 Fighting
 * Level 0.0 Maces & Flails
 + Level 1.0 Armour
 - Level 1.5 Dodging
 - Level 2.1 Stealth
 - Level 2.0 Spellcasting
 - Level 4.3 Conjurations


You had 4 spell levels left.
You knew the following spells:

 Your Spells              Type           Power        Failure   Level  Hunger
a - Magic Dart            Conj           ##..         3%          1    #......


Dungeon Overview and Level Annotations

Branches:
Dungeon (1/15)

Altars:


Innate Abilities, Weirdness & Mutations

You are resistant to torment.
Your stone body is resilient. (AC +2)
You are immune to poison.
You resist negative energy. (rN+)
You are resistant to electric shocks. (rElec)
You can survive without breathing.
You are immune to petrification.
You are immune to rotting.


Message History

Aim: a rat The magic dart hits the rat.
You kill the rat!
You see here a rat corpse.
You see here a rat corpse.
Things that are here:
a club; a kobold corpse
f - a club
f - a +0 club (weapon)
You start resting.
Your magical contamination has completely faded away.
You start resting.
Magic restored.
You start resting.
HP restored.
You start waiting.
Done waiting.
g - a scroll labeled HEOB PISMY Unknown command.
Are you sure you want to abandon this character and quit the game? (Confirm with "yes".)

#.'.........###..
#.##.####.##.#.## ..
#.###.###.###.### .... #.#
##.##.##.#.##
....######.#####.#.#.###.#
.......÷......###...#####.
...........##.# ##........
..##.......# # #+#######
#.....@.# # #.......# #
#.......# # #....÷÷.#
#.......# #.......#
#.......# #.......#
...#######


There were no monsters in sight!

Vanquished Creatures
  3 dart slugs (D:1)
  A frilled lizard (D:1)
  A kobold (D:1)
  2 rats (D:1)
7 creatures vanquished.

Notes
Turn   | Place    | Note
-------+----------+-------------------------------------------
     0 | D:1      | rabbitfr the Gargoyle Conjurer began the quest for the Orb.
     0 | D:1      | Reached XP level 1. HP: 10/10 MP: 3/3
    93 | D:1      | Reached skill level 1 in Fighting
   121 | D:1      | Reached XP level 2. HP: 6/16 MP: 1/5
   362 | D:1      | Reached skill level 1 in Armour
   714 | D:1      | Quit the game

Vault maps used:
D:1:      roderic_octagonal_star

Skill      XL: |  1  2 |
---------------+-------+-----
Fighting       | 1 |  1.6
Armour         | 1 |  1.0
Dodging        | |  1.5
Stealth        | |  2.1
Spellcasting   | |  2.0
Conjurations   | |  4.3

Action                   || total
-------------------------++-------
Melee: Unarmed           ||    20
 Cast: Magic Dart        ||    10
Armor: Robe              ||    11
Dodge: Dodged            ||    14

Table legend:
 A = Spawn XP
 B = Non-spawn XP
 C = Spawn XP percentage of total XP
 D = Spawn monster count
 E = Non-spawn monster count
 F = Spawn count percentage of total count
 G = Total turns spent on level
                    A         B        C        D         E        F      G
               +---------+---------+-------+---------+---------+-------+---------
         Total |       0 |      16 |   0.0 |       0 |       7 |   0.0 |   714
               +---------+---------+-------+---------+---------+-------+---------
           D:1 |       0 |      16 |   0.0 |       0 |       7 |   0.0 |   714
               +---------+---------+-------+---------+---------+-------+---------
